[ AOE2 MATCH · #495082806 ]
UnrankedCelts vs Poles
Player's team · WIN
Rival team · LOSS
[ REPLAY ANALYSIS · EXTRACTED FROM THE RECORDED GAME ]
Feudal
11:03
Castle
15:57
Imperial
30:01
| APM avg | 74.3 |
| APM peak | 115 |
| eAPM avg | 50.5 |
| Villagers / military | 179 / 123 |
Focus
⚔️ 34.3% · 🌾 65.7%
Militia ×84 · Woad Raider ×18 · Spearman ×8 · Monk ×5 · Trebuchet (Packed) ×4 · Mangonel ×2
Feudal
8:03
Castle
20:06
Imperial
30:47
| APM avg | 63.7 |
| APM peak | 120 |
| eAPM avg | 37.3 |
| Villagers / military | 134 / 88 |
Focus
⚔️ 52.7% · 🌾 47.3%
Obuch ×36 · Knight ×33 · Scout Cavalry ×9 · Battering Ram ×4 · Monk ×3 · Trebuchet (Packed) ×3
Match map
Initial resources + every placement click. Lines = walls · curves = elevation contours. ◆ gold · ⬟ stone · ● berries · ✦ relic · ◌ wall gap
Your base· ✓ Closed at 15:57 · 53t walls · 2 gate(s)
DSLG | GabrieL's base· ✓ Closed at 20:06 · 0t walls · 2 gate(s)
Smoothed initial terrain · ◌ = detected wall gap · hover for details
Inputs per minute
— Dobbs351 - - DSLG | GabrieL
Build order — Dobbs351
First 150 of 488 actions detected
| 0:01 | Create | Villager (Male) |
| 0:02 | Build | House |
| 0:04 | Build | House |
| 0:17 | Create | Villager (Male) |
| 0:17 | Create | Villager (Male) |
| 0:24 | Create | Villager (Male) |
| 0:24 | Create | Villager (Male) |
| 1:30 | Create | Villager (Male) |
| 1:30 | Create | Villager (Male) |
| 2:03 | Create | Villager (Male) |
| 2:04 | Build | Lumber Camp |
| 2:16 | Create | Villager (Male) |
| 2:16 | Create | Villager (Male) |
| 2:48 | Create | Villager (Male) |
| 3:02 | Create | Villager (Male) |
| 3:02 | Create | Villager (Male) |
| 3:37 | Create | Villager (Male) |
| 3:53 | Build | House |
| 3:54 | Build | House |
| 3:54 | Build | House |
| 4:00 | Create | Villager (Male) |
| 4:21 | Create | Villager (Male) |
| 4:24 | Build | Mill |
| 4:33 | Create | Villager (Male) |
| 4:57 | Create | Villager (Male) |
| 5:22 | Create | Villager (Male) |
| 5:47 | Create | Villager (Male) |
| 6:07 | Create | Villager (Male) |
| 6:08 | Create | Villager (Male) |
| 6:08 | Create | Villager (Male) |
| 6:08 | Create | Villager (Male) |
| 6:17 | Create | Villager (Male) |
| 6:34 | Create | Villager (Male) |
| 6:34 | Create | Villager (Male) |
| 6:49 | Create | Villager (Male) |
| 6:49 | Create | Villager (Male) |
| 7:03 | Build | Lumber Camp |
| 7:05 | Create | Villager (Male) |
| 7:05 | Create | Villager (Male) |
| 7:44 | Create | Villager (Male) |
| 7:54 | Create | Villager (Male) |
| 7:56 | Create | Villager (Male) |
| 7:56 | Create | Villager (Male) |
| 8:18 | Create | Villager (Male) |
| 8:29 | Build | Mining Camp |
| 8:51 | Build | Palisade Wall |
| 8:52 | Create | Villager (Male) |
| 8:53 | Research | Feudal Age |
| 8:53 | Research | Feudal Age |
| 8:58 | Build | Palisade Wall |
| 9:37 | Build | Palisade Wall |
| 9:39 | Build | Palisade Wall |
| 9:40 | Build | Palisade Wall |
| 9:53 | Build | Palisade Wall |
| 10:18 | Create | Villager (Male) |
| 10:28 | Create | Villager (Male) |
| 10:51 | Research | Loom |
| 11:03 | Age | Feudal Age |
| 11:10 | Build | Market |
| 11:14 | Build | Blacksmith |
| 11:24 | Create | Villager (Male) |
| 11:24 | Create | Villager (Male) |
| 11:30 | Build | Farm |
| 11:30 | Build | Farm |
| 11:35 | Build | Stone Wall |
| 11:35 | Build | Stone Wall |
| 11:36 | Build | Stone Wall |
| 11:40 | Build | Stone Wall |
| 11:50 | Build | Farm |
| 12:18 | Create | Villager (Male) |
| 12:26 | Build | Stone Wall |
| 12:27 | Build | Stone Wall |
| 12:28 | Build | Stone Wall |
| 12:28 | Build | Stone Wall |
| 13:06 | Build | Farm |
| 13:07 | Build | Farm |
| 13:12 | Build | Farm |
| 13:17 | Research | Castle Age |
| 13:17 | Research | Castle Age |
| 13:17 | Research | Castle Age |
| 13:17 | Research | Castle Age |
| 13:23 | Build | Palisade Wall |
| 13:26 | Build | Palisade Wall |
| 14:02 | Build | House |
| 14:11 | Research | Double-Bit Axe |
| 14:17 | Build | House |
| 14:41 | Build | House |
| 14:45 | Build | House |
| 14:50 | Build | Stone Wall |
| 14:58 | Create | Villager (Male) |
| 15:02 | Research | Gold Mining |
| 15:02 | Research | Gold Mining |
| 15:32 | Research | Horse Collar |
| 15:49 | Create | Villager (Male) |
| 15:57 | Age | Castle Age |
| 15:59 | Build | Siege Workshop |
| 16:00 | Build | House |
| 16:06 | Research | Bow Saw |
| 16:16 | Create | Villager (Male) |
| 16:22 | Create | Mangonel |
| 16:25 | Build | Farm |
| 16:28 | Build | Town Center |
| 16:51 | Create | Villager (Male) |
| 16:54 | Create | Mangonel |
| 17:02 | Build | Farm |
| 17:21 | Create | Villager (Male) |
| 17:24 | Build | Barracks |
| 17:48 | Build | Farm |
| 17:52 | Create | Villager (Male) |
| 18:03 | Build | Farm |
| 18:04 | Create | Villager (Male) |
| 18:18 | Build | Farm |
| 18:23 | Create | Villager (Male) |
| 18:45 | Create | Villager (Male) |
| 18:48 | Build | Stable |
| 19:00 | Create | Villager (Male) |
| 19:13 | Build | Farm |
| 19:20 | Create | Villager (Male) |
| 19:29 | Build | Monastery |
| 19:34 | Create | Villager (Male) |
| 19:40 | Build | Farm |
| 19:42 | Build | Farm |
| 19:51 | Create | Villager (Male) |
| 19:58 | Build | Mining Camp |
| 20:00 | Create | Villager (Male) |
| 20:05 | Build | Farm |
| 20:07 | Build | Farm |
| 20:09 | Create | Monk |
| 20:16 | Create | Villager (Male) |
| 20:25 | Create | Villager (Male) |
| 20:35 | Create | Villager (Male) |
| 20:48 | Build | Market |
| 20:48 | Create | Villager (Male) |
| 20:53 | Build | Stone Wall |
| 21:02 | Create | Monk |
| 21:03 | Create | Villager (Male) |
| 21:05 | Build | Gate |
| 21:07 | Build | Farm |
| 21:08 | Create | Villager (Male) |
| 21:14 | Build | Farm |
| 21:15 | Build | Farm |
| 21:16 | Build | Farm |
| 21:17 | Create | Villager (Male) |
| 21:33 | Create | Villager (Male) |
| 21:41 | Create | Villager (Male) |
| 21:42 | Create | Monk |
| 21:50 | Build | House |
| 21:51 | Create | Villager (Male) |
| 21:57 | Build | Farm |
| 21:57 | Build | Farm |
Build order — DSLG | GabrieL
First 150 of 306 actions detected
| 0:00 | Create | Villager (Male) |
| 0:00 | Create | Villager (Male) |
| 0:01 | Build | House |
| 0:03 | Build | House |
| 0:04 | Create | Villager (Male) ×2 |
| 1:07 | Build | Mill |
| 1:27 | Create | Villager (Male) |
| 1:27 | Create | Villager (Male) |
| 1:51 | Create | Villager (Male) |
| 2:16 | Create | Villager (Male) |
| 2:36 | Create | Villager (Male) |
| 3:08 | Create | Villager (Male) |
| 3:16 | Create | Villager (Male) ×2 |
| 3:16 | Create | Villager (Male) ×2 |
| 3:32 | Create | Villager (Male) |
| 3:42 | Create | Villager (Male) |
| 3:57 | Create | Villager (Male) |
| 5:18 | Build | Lumber Camp |
| 5:53 | Research | Feudal Age |
| 7:06 | Build | Mining Camp |
| 8:03 | Age | Feudal Age |
| 8:05 | Create | Villager (Male) |
| 8:06 | Research | Loom |
| 8:11 | Build | Watch Tower |
| 8:25 | Build | House |
| 8:42 | Research | Double-Bit Axe |
| 8:43 | Create | Villager (Male) |
| 9:06 | Create | Villager (Male) |
| 9:07 | Create | Villager (Male) |
| 9:20 | Create | Villager (Male) |
| 9:21 | Create | Villager (Male) |
| 9:42 | Build | Mill |
| 9:59 | Build | House |
| 10:02 | Create | Villager (Male) |
| 10:12 | Build | Watch Tower |
| 10:43 | Create | Villager (Male) |
| 10:50 | Create | Villager (Male) |
| 10:51 | Create | Villager (Male) |
| 11:21 | Build | Farm |
| 11:23 | Create | Villager (Male) |
| 11:29 | Research | Horse Collar |
| 11:40 | Create | Villager (Male) |
| 11:48 | Build | Farm |
| 12:00 | Create | Villager (Male) |
| 12:01 | Create | Villager (Male) |
| 12:08 | Build | Farm |
| 12:16 | Create | Villager (Male) |
| 12:32 | Build | Farm |
| 12:52 | Create | Villager (Male) ×3 |
| 13:02 | Build | Watch Tower |
| 13:14 | Create | Villager (Male) |
| 13:28 | Build | Farm |
| 13:36 | Build | House |
| 13:51 | Create | Villager (Male) |
| 14:10 | Build | Mill |
| 14:15 | Build | Farm |
| 14:16 | Build | Farm |
| 14:29 | Build | Farm |
| 15:09 | Build | Watch Tower |
| 15:22 | Create | Villager (Male) |
| 15:39 | Build | Blacksmith |
| 16:05 | Create | Villager (Male) |
| 16:29 | Create | Villager (Male) |
| 16:34 | Build | Market |
| 16:53 | Build | Outpost |
| 17:02 | Build | Mining Camp |
| 17:26 | Research | Castle Age |
| 17:32 | Research | Fletching |
| 17:33 | Research | Fletching |
| 18:05 | Build | Lumber Camp |
| 18:34 | Create | Villager (Male) |
| 18:35 | Create | Villager (Male) |
| 18:53 | Research | Gold Mining |
| 18:56 | Research | Stone Mining |
| 19:25 | Build | Barracks |
| 19:32 | Build | Barracks |
| 19:37 | Research | Forging |
| 19:56 | Build | Farm |
| 20:06 | Age | Castle Age |
| 20:07 | Create | Villager (Male) |
| 20:09 | Build | Town Center |
| 20:12 | Research | Bow Saw |
| 20:23 | Research | Wheelbarrow |
| 20:28 | Build | Stable |
| 20:50 | Create | Villager (Male) |
| 20:56 | Create | Villager (Male) |
| 20:59 | Build | Farm |
| 21:00 | Build | Farm |
| 21:10 | Build | Farm |
| 21:11 | Build | Farm |
| 21:12 | Build | Farm |
| 21:13 | Build | Farm |
| 21:15 | Create | Villager (Male) |
| 21:45 | Create | Villager (Male) |
| 21:46 | Create | Scout Cavalry |
| 21:46 | Create | Scout Cavalry |
| 21:50 | Build | Farm |
| 21:55 | Create | Villager (Male) |
| 21:59 | Build | Outpost |
| 22:01 | Build | Outpost |
| 22:08 | Create | Villager (Male) |
| 22:15 | Create | Scout Cavalry |
| 22:27 | Create | Villager (Male) ×4 |
| 22:39 | Create | Scout Cavalry |
| 22:52 | Build | Mill |
| 22:53 | Build | Farm |
| 22:53 | Build | Farm |
| 22:53 | Build | Farm |
| 22:53 | Build | Farm |
| 22:54 | Build | Farm |
| 22:54 | Build | Farm |
| 22:54 | Build | Farm |
| 22:55 | Create | Villager (Male) ×4 |
| 22:57 | Build | House |
| 23:03 | Build | House |
| 23:07 | Create | Villager (Male) |
| 23:08 | Build | Farm |
| 23:42 | Build | Monastery |
| 23:46 | Research | Gold Mining |
| 23:47 | Create | Villager (Male) |
| 23:52 | Create | Villager (Male) |
| 23:57 | Create | Villager (Male) |
| 23:57 | Create | Villager (Male) |
| 23:58 | Create | Villager (Male) |
| 24:01 | Build | Farm |
| 24:14 | Create | Villager (Male) |
| 24:19 | Build | Mill |
| 24:20 | Build | Farm |
| 24:21 | Build | Farm |
| 24:21 | Build | Farm |
| 24:21 | Build | Farm |
| 24:21 | Build | Farm |
| 24:21 | Build | Farm |
| 24:22 | Build | Farm |
| 24:25 | Create | Villager (Male) |
| 24:30 | Build | Castle |
| 24:33 | Create | Villager (Male) |
| 24:34 | Create | Villager (Male) ×4 |
| 24:35 | Create | Monk |
| 24:53 | Create | Villager (Male) |
| 24:53 | Create | Villager (Male) ×2 |
| 25:05 | Create | Scout Cavalry |
| 25:06 | Create | Scout Cavalry |
| 25:07 | Create | Scout Cavalry |
| 25:08 | Create | Villager (Male) |
| 25:08 | Create | Villager (Male) |
| 25:09 | Create | Villager (Male) |
| 25:14 | Create | Villager (Male) |
| 25:14 | Create | Villager (Male) |
| 25:22 | Build | Castle |
Match timeline
| 8:03 | DSLG | GabrieL · age_up feudal |
| 8:51 | Dobbs351 · wall_segment Palisade Wall x6 |
| 8:58 | Dobbs351 · wall_segment Palisade Wall x11 |
| 9:37 | Dobbs351 · wall_segment Palisade Wall x1 |
| 9:39 | Dobbs351 · wall_segment Palisade Wall x1 |
| 9:40 | Dobbs351 · wall_segment Palisade Wall x6 |
| 9:53 | Dobbs351 · wall_segment Palisade Wall x11 |
| 11:03 | Dobbs351 · age_up feudal |
| 11:35 | Dobbs351 · wall_segment Stone Wall x1 |
| 11:35 | Dobbs351 · wall_segment Stone Wall x1 |
| 11:36 | Dobbs351 · wall_segment Stone Wall x1 |
| 11:40 | Dobbs351 · wall_segment Stone Wall x8 |
| 12:26 | Dobbs351 · wall_segment Stone Wall x1 |
| 12:27 | Dobbs351 · wall_segment Stone Wall x1 |
| 12:28 | Dobbs351 · wall_segment Stone Wall x1 |
| 12:28 | Dobbs351 · wall_segment Stone Wall x1 |
| 13:23 | Dobbs351 · wall_segment Palisade Wall x1 |
| 13:26 | Dobbs351 · wall_segment Palisade Wall x1 |
| 14:50 | Dobbs351 · wall_segment Stone Wall x1 |
| 15:57 | Dobbs351 · age_up castle |
| 15:59 | Dobbs351 · first_building Siege Workshop |
| 17:24 | Dobbs351 · first_building Barracks |
| 18:48 | Dobbs351 · first_building Stable |
| 19:25 | DSLG | GabrieL · first_building Barracks |
| 19:29 | Dobbs351 · first_building Monastery |
| 20:06 | DSLG | GabrieL · age_up castle |
| 20:28 | DSLG | GabrieL · first_building Stable |
| 20:53 | Dobbs351 · wall_segment Stone Wall x1 |
| 21:07 | DSLG | GabrieL · first_market_buy 100 wood |
| 22:02 | Dobbs351 · first_market_buy 100 stone |
| 23:42 | DSLG | GabrieL · first_building Monastery |
| 24:30 | DSLG | GabrieL · first_building Castle |
| 27:33 | DSLG | GabrieL · first_market_sell 500 stone |
| 28:13 | Dobbs351 · first_building Castle |
| 28:17 | DSLG | GabrieL · first_building Siege Workshop |
| 29:46 | Dobbs351 · first_market_sell 100 wood |
| 30:01 | Dobbs351 · age_up imperial |
| 30:47 | DSLG | GabrieL · age_up imperial |
| 30:54 | Dobbs351 · wall_segment Stone Wall x1 |
| 30:55 | Dobbs351 · wall_segment Stone Wall x1 |
| 30:56 | Dobbs351 · wall_segment Stone Wall x1 |
| 30:57 | Dobbs351 · wall_segment Stone Wall x1 |
| 37:18 | Dobbs351 · wall_segment Stone Wall x6 |
| 37:40 | DSLG | GabrieL · first_building Archery Range |
| 38:44 | DSLG | GabrieL · resign |
[ AI ANALYSIS · 1 CREDIT ]
What really happened in this match?
Wolo.gg analyzes every decision: build order, eco, micro, common mistakes by bracket. Personalized analysis on WhatsApp or Discord in 30 seconds.
Civ guide
Celts
Perfil
Dobbs